AoeStats
← TIMVP

Arabia

510248139Analyzed
1v1 RM · 22h ago on Sep 30, 2026· 28m 52s· 2 players
Game mode
Random Map
Map size
Tiny (2 player)
Population
200
Speed
Normal
Resources
Standard
Victory
Conquest
Starting age
Dark Age
Ending age
Imperial Age
RankedLock teamsTeams togetherTeam positionsShared explorationLock speedFull tech treeHidden civsTurbo modeCheats
Victory
Defeat
🇲🇽 Portuguese · Mexico
457
+20
🇵🇪 Romans · Peru
552
-20
meximanu
2:33 Loom
13:49 Feudal Age
17:43 Castle Age
21:57 Fletching
TIMVP
8:18 Loom
10:40 Feudal Age
11:06 Double-Bit Axe
14:39 Stone Mining
16:22 Horse Collar
21:36 Castle Age
21:01 Man-at-Arms
21:55 Scale Mail Armor
Connection lost

Rejoining the realm…

Still unreachable

The connection could not be restored.

Session expired

The server has moved on; the page needs a fresh start.